Map: Lightshade LE

Players

RiSky - Winner!

  • Race: Zerg Zerg
  • Spawn Location: 5:00

Probe

  • Race: Protoss Protoss
  • Spawn Location: 11:00

Event: DreamHack SC2 Masters 2020 Winter

VOD

Have the link to the VOD?

Description

Time

  • Played on: Oct. 21, 2020, 6:17 a.m.
  • Length: 16:18

All games in this series

Show
View Real Time Build Order
Export as new Build Order

RiSky Zerg - Winner!

Build Orders: Hatch First, Lurkers 

Get SALT Encoding   

  12  0:00  Drone  
  13  0:12  Overlord  
  13  0:16  Drone  
  14  0:30  Drone x2  
  16  0:47  Hatchery  
  15  0:52  Drone  
  15  0:55  Drone  
  17  0:58  Drone  
  18  1:09  Extractor  
  17  1:13  Spawning Pool  
  17  1:17  Drone  
  17  1:20  Drone  
  18  1:28  Drone  
  19  1:39  Drone  
  20  1:48  Overlord  
  20  2:00  Queen x2  
  20  2:01  Zergling x4  
  26  2:10  Drone  
  26  2:11  Drone  
  26  2:13  Metabolic Boost  
  28  2:21  Drone  
  28  2:22  Drone  
  30  2:34  Hatchery  
  30  2:36  Drone  
  30  2:43  Queen  
  32  2:48  Overlord  
  32  2:53  Drone x2  
  32  2:58  Drone  
  35  2:59  Drone  
  36  3:10  Drone x4  
  40  3:14  Overlord  
  40  3:15  Drone  
  40  3:19  Queen  
  43  3:22  Drone  
  44  3:27  Overlord  
  44  3:33  Drone  
  45  3:38  Overlord  
  45  3:46  Drone  
  45  3:47  Drone x2  
  45  3:48  Drone, Spore Crawler  
  48  3:49  Drone x2, Spore Crawler  
  48  3:51  Drone  
  48  3:53  Drone  
  51  3:55  Queen  
  51  3:57  Zergling x2  
  51  4:01  Overlord  
  53  4:04  Zergling x4  
  53  4:07  Spore Crawler  
  54  4:12  Drone  
  54  4:13  Drone  
  54  4:15  Drone x2  
  58  4:18  Drone  
  58  4:21  Drone x2  
  58  4:22  Drone  
  62  4:25  Lair  
  62  4:28  Drone  
  63  4:32  Drone x5  
  63  4:36  Evolution Chamber  
  63  4:38  Drone x3  
  70  4:43  Roach Warren  
  69  4:45  Drone x2  
  69  4:49  Drone x2  
  69  4:52  Extractor  
  72  4:53  Overlord  
  72  4:54  Extractor  
  72  4:56  Queen  
  72  4:58  Overlord  
  73  5:00  Extractor  
  73  5:01  Extractor  
  73  5:02  Drone  
  73  5:03  Overlord  
  73  5:05  Drone  
  73  5:09  Overlord  
  73  5:11  Overlord  
  73  5:13  Drone x3  
  73  5:14  Drone x2  
  78  5:16  Drone  
  78  5:18  Drone  
  78  5:19  Drone  
  81  5:22  Drone x2  
  81  5:25  Zerg Missile Weapons Level 1  
  81  5:28  Drone, Glial Reconstitution  
  84  5:30  Extractor, Overlord  
  84  5:33  Drone, Extractor  
  84  5:38  Hatchery  
  84  5:39  Overseer  
  84  5:41  Overlord x2  
  83  5:43  Drone  
  83  5:46  Overlord  
  83  5:49  Overlord  
  84  5:53  Roach x3  
  84  5:56  Overlord  
  90  6:01  Roach x4  
  96  6:06  Overseer  
  96  6:10  Roach x3  
  96  6:11  Overlord x2  
  102  6:14  Infestation Pit  
  102  6:16  Roach  
  103  6:20  Roach x3  
  109  6:32  Overlord  
  109  6:38  Overlord  
  109  6:40  Ravager x3  
  109  6:41  Ravager x4  
  116  6:47  Zergling x16  
  116  6:48  Zergling x10  
  116  6:50  Roach  
  116  6:52  Ravager x2  
  133  6:57  Overlord  
  133  7:00  Hive  
  133  7:04  Drone x7, Hydralisk Den  
  137  7:10  Drone x3  
  137  7:12  Drone  
  137  7:15  Drone x2  
  140  7:17  Drone  
  140  7:22  Drone x2  
  142  7:23  Drone  
  142  7:24  Drone x2  
  142  7:25  Drone, Extractor  
  142  7:26  Spore Crawler  
  142  7:27  Extractor  
  143  7:33  Muscular Augments  
  143  7:34  Zerg Missile Weapons Level 2  
  143  7:36  Drone, Lurker Den  
  143  7:37  Drone x3, Evolution Chamber  
  145  7:45  Hydralisk x3  
  145  7:48  Hatchery  
  150  7:52  Hydralisk x4  
  158  8:06  Hydralisk x4  
  158  8:12  Hydralisk x3  
  172  8:25  Hatchery  
  165  8:34  Seismic Spines  
  165  8:36  Zerg Ground Armor Level 1  
  165  8:39  Extractor  
  164  8:42  Lurker x3  
  164  8:43  Extractor  
  164  8:44  Drone x7  
  164  8:45  Drone x9  
  164  8:48  Lurker  
  183  8:52  Zergling x16  
  183  8:55  Lurker x2  
  189  8:57  Zergling x4  
  189  9:04  Hydralisk x3  
  191  9:12  Hydralisk x4  
  195  9:18  Hydralisk x2  
  195  9:19  Hydralisk  
  195  9:21  Lurker  
  187  9:29  Lurker x2  
  182  9:31  Adaptive Talons  
  182  9:34  Zergling x28  
  191  9:45  Spine Crawler x2  
  189  9:46  Lurker, Spine Crawler x2  
  189  9:47  Lurker  
  189  9:56  Lurker x5  
  189  10:00  Zerg Melee Weapons Level 1  
  179  10:10  Zergling x30  
  186  10:15  Spore Crawler  
  182  10:22  Overseer  
  182  10:27  Drone x8  
  178  10:35  Hydralisk x4  
  157  10:36  Zerg Missile Weapons Level 3  
  157  10:39  Hydralisk  
  157  10:40  Hydralisk x3  
  157  10:42  Overseer  
  173  10:47  Hydralisk  
  173  10:48  Hydralisk x6  
  187  10:54  Pneumatized Carapace  
  187  10:56  Viper  
  187  10:58  Queen  
  187  11:00  Queen  
  194  11:11  Lurker x5  
  199  11:16  Lurker  
  181  11:26  Zergling x38  
  198  11:34  Zergling x4  
  198  11:35  Zergling x2  
  198  11:37  Hydralisk  
  191  11:50  Hydralisk x8  
  191  11:54  Zerg Ground Armor Level 2  
  176  12:05  Hydralisk x3  
  176  12:06  Hydralisk x3  
  157  12:14  Hydralisk x3  
  150  12:15  Hatchery  
  150  12:16  Lurker x3  
  150  12:22  Spore Crawler  
  151  12:25  Lurker x2  
  151  12:28  Zergling x10  
  158  12:31  Hydralisk x2  
  161  12:38  Hydralisk x2  
  161  12:42  Hydralisk x2  
  168  12:46  Lurker  
  168  12:50  Hydralisk  
  168  12:51  Hydralisk x2  
  170  12:53  Hydralisk  
  170  12:57  Hydralisk x2  
  172  13:05  Hydralisk x3  
  172  13:06  Hydralisk  
  172  13:11  Drone x5  
  175  13:24  Spire  
  174  13:28  Drone x9  
  183  13:37  Queen  
  183  13:38  Spore Crawler  
  184  13:42  Spine Crawler  
  184  13:44  Viper x3  
  190  13:50  Hatchery  
  190  13:52  Lurker x2  
  187  13:56  Overlord x2  
  187  13:59  Spore Crawler  
  186  14:10  Zergling x2  
  186  14:11  Zergling x26  
  186  14:16  Hydralisk  
  200  14:21  Spire  
  188  14:27  Hydralisk x6  
  195  14:35  Hydralisk x2  
  199  14:50  Hydralisk x9  
  197  14:59  Hydralisk x3  
  192  15:00  Hydralisk  
  192  15:06  Hydralisk  
  192  15:07  Hydralisk x2  
  193  15:13  Lurker x3  
  193  15:23  Drone x9  
  193  15:25  Lurker x4  
  199  15:29  Spore Crawler  
  199  15:31  Extractor  
  199  15:33  Overseer  
  199  15:34  Overseer  
  199  15:35  Overseer  
  196  15:40  Spine Crawler  
  196  15:41  Spore Crawler  
  196  15:42  Spine Crawler x2  
  188  15:45  Hydralisk x5  
  193  15:59  Overlord x2  
  193  16:03  Spore Crawler x3  
Show
View Real Time Build Order
Export as new Build Order

Probe Protoss 

Build Orders: 1 Gate Expand, Oracle Opening 

Get SALT Encoding   

  12  0:00  Probe  
  13  0:12  Probe  
  14  0:20  Pylon  
  14  0:24  Probe  
  15  0:30  Assimilator  
  15  0:38  Probe (Chrono Boost)  
  16  0:44  Gateway  
  16  0:48  Probe (Chrono Boost)  
  17  0:53  Probe (Chrono Boost)  
  18  1:05  Probe  
  19  1:17  Probe  
  20  1:24  Nexus  
  20  1:33  Cybernetics Core  
  20  1:36  Probe  
  21  1:43  Assimilator  
  21  1:48  Probe  
  21  1:51  Pylon  
  22  2:00  Probe  
  23  2:06  Adept (Chrono Boost)  
  23  2:08  Probe  
  23  2:13  Stargate  
  26  2:16  Probe  
  26  2:21  Warp Gate  
  27  2:28  Adept (Chrono Boost)  
  27  2:29  Probe  
  29  2:36  Probe  
  31  2:41  Probe  
  32  2:48  Probe  
  33  2:51  Void Ray (Chrono Boost)  
  33  2:53  Probe  
  38  3:00  Probe  
  38  3:03  Pylon  
  39  3:06  Probe  
  39  3:12  Probe  
  41  3:16  Gateway  
  41  3:18  Probe  
  42  3:24  Probe  
  42  3:25  Pylon  
  43  3:30  Probe  
  43  3:31  Oracle  
  47  3:36  Probe  
  48  3:42  Probe  
  48  3:44  Pylon  
  50  3:48  Probe  
  50  3:54  Probe  
  51  4:00  Nexus, Probe  
  51  4:02  Pylon  
  52  4:06  Probe  
  52  4:09  Assimilator  
  53  4:11  Assimilator  
  53  4:12  Probe  
  53  4:15  Adept  
  56  4:17  Adept  
  56  4:18  Probe  
  59  4:24  Probe  
  59  4:27  Shield Battery  
  59  4:30  Probe  
  61  4:37  Probe  
  62  4:40  Sentry x2  
  62  4:42  Probe  
  67  4:49  Pylon, Twilight Council, Probe  
  67  4:51  Forge  
  68  4:54  Probe  
  69  5:01  Probe (Chrono Boost)  
  69  5:06  Sentry x2  
  69  5:07  Probe (Chrono Boost)  
  75  5:08  Gateway  
  75  5:09  Pylon  
  75  5:10  Gateway  
  75  5:13  Probe x2 (Chrono Boost)  
  77  5:18  Probe (Chrono Boost)  
  77  5:20  Gateway  
  79  5:21  Gateway, Probe (Chrono Boost)  
  79  5:23  Probe (Chrono Boost)  
  79  5:24  Blink (Chrono Boost)  
  79  5:25  Probe (Chrono Boost)  
  79  5:26  Probe (Chrono Boost)  
  82  5:31  Sentry  
  82  5:32  Sentry  
  82  5:33  Probe  
  82  5:35  Protoss Ground Weapons Level 1 (Chrono Boost)  
  87  5:36  Probe  
  87  5:41  Probe  
  89  5:45  Shield Battery, Probe  
  89  5:48  Probe  
  91  5:53  Probe  
  92  5:57  Pylon, Probe  
  92  5:59  Pylon  
  92  6:01  Adept  
  93  6:04  Stalker x2  
  93  6:05  Pylon  
  93  6:06  Probe x2  
  99  6:11  Pylon  
  99  6:13  Assimilator  
  99  6:14  Assimilator, Photon Cannon  
  99  6:20  Robotics Facility  
  99  6:27  Stalker x4  
  107  6:34  Stalker x2  
  107  6:36  Pylon  
  111  6:51  Gateway x2  
  111  7:02  Stalker x6  
  111  7:05  Pylon  
  123  7:08  Charge  
  123  7:21  Robotics Bay  
  123  7:24  Pylon  
  123  7:30  Stalker  
  123  7:31  Stalker x5  
  123  7:34  Protoss Ground Weapons Level 2 (Chrono Boost)  
  123  7:35  Photon Cannon x2  
  136  7:37  Observer (Chrono Boost)  
  136  7:58  Shield Battery x2  
  136  7:59  Stalker x5, Warp Prism (Chrono Boost)  
  148  8:19  Nexus  
  148  8:20  Extended Thermal Lance  
  148  8:21  Dark Shrine  
  148  8:31  Zealot  
  148  8:32  Zealot x3  
  156  8:34  Pylon  
  156  8:36  Pylon  
  156  8:45  Pylon  
  156  8:46  Pylon  
  156  8:52  Colossus  
  160  8:58  Zealot x4  
  160  9:00  Stalker  
  156  9:23  Pylon  
  150  9:25  Assimilator  
  150  9:27  Assimilator, Zealot x7  
  150  9:31  Pylon  
  160  9:45  Disruptor  
  160  9:46  Photon Cannon  
  160  9:47  Dark Templar  
  160  9:48  Dark Templar x3  
  160  9:49  Photon Cannon  
  160  9:50  Zealot  
  171  9:56  Probe  
  171  9:57  Probe x2  
  171  9:58  Probe  
  160  10:09  Probe x2  
  160  10:15  Dark Templar x4  
  160  10:20  Probe  
  167  10:21  Probe  
  167  10:22  Observer  
  167  10:23  Probe  
  167  10:28  Probe  
  171  10:32  Probe  
  171  10:34  Probe  
  171  10:35  Probe  
  165  10:39  Stargate  
  165  10:40  Probe  
  165  10:41  Fleet Beacon  
  166  10:42  Disruptor  
  166  10:44  Probe  
  166  10:46  Probe  
  171  10:59  Adept, Stargate  
  171  11:00  Probe x3  
  171  11:03  Photon Cannon  
  176  11:04  Photon Cannon  
  176  11:05  Photon Cannon, Zealot x2  
  176  11:07  Dark Templar  
  178  11:11  Dark Templar  
  177  11:19  Observer  
  177  11:21  Photon Cannon  
  177  11:25  Photon Cannon  
  178  11:31  Stalker  
  178  11:32  Stalker x3  
  160  11:56  Zealot x6  
  96  12:10  Probe x2  
  96  12:11  Carrier x2 (Chrono Boost)  
  96  12:12  Carrier (Chrono Boost)  
  108  12:22  Cybernetics Core  
  108  12:23  Dark Templar x5  
  108  12:25  Gateway  
  108  12:26  Dark Templar  
  108  12:27  Pylon  
  108  12:28  Archon x3  
  120  12:31  Pylon  
  120  12:46  Photon Cannon  
  120  12:47  Photon Cannon  
  120  12:56  Zealot x5  
  130  13:05  Robotics Facility  
  130  13:07  Carrier, Oracle x2  
  139  13:18  Zealot x4  
  139  13:19  Zealot  
  136  13:39  Dark Templar  
  138  13:42  Templar Archives  
  138  13:45  Nexus  
  138  13:46  Cybernetics Core  
  136  13:51  Zealot  
  138  13:57  Pylon  
  136  14:04  Zealot x4  
  144  14:13  Pylon  
  140  14:20  High Templar x2  
  132  14:26  Archon  
  130  14:32  High Templar x4  
  130  14:34  Probe  
  130  14:38  Photon Cannon  
  139  14:39  Photon Cannon  
  139  14:42  Archon  
  139  14:43  Archon  
  139  14:49  Observer  
  122  14:56  Zealot x2  
  108  15:02  Probe  
  108  15:04  Probe x2  
  102  15:10  Observer (Chrono Boost)  
  102  15:11  Dark Templar x2  
  101  15:25  Nexus  
  101  15:27  Dark Templar  
  100  15:29  High Templar x2  
  100  15:31  Observer (Chrono Boost)  
  100  15:34  High Templar, Archon  
  106  15:44  Assimilator x2  
  106  15:52  Probe  
  106  15:53  Probe x2  
  109  16:04  Probe  
Tags
 
Add a new tag
Caveats
  • Supply blocks, unpowered buildings, or Contaminate may cause inaccurate times.
  • Supply counts are checked every 10 seconds.